AoeStats
← janos.zachow

Arena

509571187Analyzed
2v2 RM · 6d ago on Sep 27, 2026· 50m 17s· 4 players
Game mode
Random Map
Map size
Medium (4 player)
Population
200
Speed
Normal
Resources
Standard
Victory
Conquest
Starting age
Dark Age
Ending age
Imperial Age
RankedLock teamsTeams togetherTeam positionsShared explorationLock speedFull tech treeHidden civsTurbo modeCheats
Victory
Defeat
🇭🇰 Mongols · Hong Kong SAR China
1040
+19
🇲🇾 Koreans · Malaysia
1027
+20
🇩🇪 Bohemians · Germany
1116
-20
🇩🇪 Burgundians · Germany
1113
-19
说中文
0:41 Loom
11:05 Feudal Age
15:52 Castle Age
14:15 Double-Bit Axe
15:26 Horse Collar
16:41 Town Watch
32:12 Bow Saw
32:04 Heavy Plow
34:11 Fletching
41:08 Imperial Age
39:39 Caravan
40:20 Ballistics
40:45 Wheelbarrow
41:53 Hand Cart
41:42 Bodkin Arrow
43:17 Two-Man Saw
42:46 Conscription
43:48 Chemistry
43:39 Caravan
43:49 Elite War Wagon
44:48 Masonry
44:52 Fortified Wall
44:41 Murder Holes
44:40 Arrowslits
44:40 Treadmill Crane
45:26 Eupseong
46:04 Scale Mail Armor
46:05 Bracer
46:09 Scale Mail Armor
46:19 Forging
46:33 Pikeman
46:59 Arson
47:14 Squires
48:29 Gold Mining
48:29 Stone Mining
48:54 Halberdier
48:56 Elite Fire Lancer
松本一香
9:46 Feudal Age
13:18 Castle Age
11:33 Double-Bit Axe
11:49 Horse Collar
14:27 Bow Saw
20:19 Wheelbarrow
21:03 Gold Mining
21:03 Stone Mining
23:58 Heavy Plow
28:56 Imperial Age
26:44 Hand Cart
27:22 Forging
27:13 Padded Archer Armor
27:04 Fletching
28:51 Iron Casting
28:23 Scale Barding Armor
28:41 Ballistics
29:35 Bodkin Arrow
29:57 Leather Archer Armor
29:49 Thumb Ring
30:10 Parthian Tactics
30:01 Husbandry
30:11 Bloodlines
31:50 Gold Shaft Mining
31:52 Stone Shaft Mining
32:00 Caravan
32:52 Conscription
34:17 Blast Furnace
33:17 Bracer
33:38 Chain Barding Armor
35:24 Chemistry
34:29 Siege Engineers
34:59 Elite Mangudai
35:38 Capped Ram
37:32 Siege Ram
40:32 Drill
janos.zachow
10:05 Feudal Age
13:59 Castle Age
12:18 Double-Bit Axe
17:19 Bow Saw
17:06 Horse Collar
18:53 Loom
23:36 Wheelbarrow
22:36 Elite Skirmisher
23:10 Fletching
23:21 Padded Archer Armor
26:15 Chemistry
28:17 Heavy Plow
33:37 Leather Archer Armor
33:18 Bodkin Arrow
34:58 Hand Cart
34:29 Town Watch
40:40 Imperial Age
40:44 Ballistics
41:51 Ring Archer Armor
41:42 Bracer
Fluffy
3:51 Loom
3:54 Double-Bit Axe
9:54 Horse Collar
12:08 Feudal Age
11:08 Horse Collar
12:18 Horse Collar
13:18 Heavy Plow
13:32 Bow Saw
16:35 Castle Age
15:53 Heavy Plow
16:56 Light Cavalry
17:40 Husbandry
18:06 Gold Mining
20:01 Wheelbarrow
20:04 Fervor
19:49 Cavalier
21:09 Gold Shaft Mining
22:12 Scale Barding Armor
22:18 Forging
26:03 Chain Barding Armor
26:19 Iron Casting
27:15 Two-Man Saw
27:32 Loom
28:29 Scale Mail Armor
28:22 Fletching
29:06 Crop Rotation
31:00 Town Watch
31:44 Chain Mail Armor
32:44 Squires
32:31 Arson
33:44 Coinage
33:45 Stone Mining
34:16 Town Patrol
37:50 Imperial Age
35:37 Hand Cart
36:41 Stone Shaft Mining
36:20 Masonry
38:19 Paladin
39:42 Plate Barding Armor
39:36 Conscription
40:38 Burgundian Vineyards
40:33 Elite Coustillier
41:35 Conscription
43:03 Blast Furnace
Connection lost

Rejoining the realm…

Still unreachable

The connection could not be restored.

Session expired

The server has moved on; the page needs a fresh start.